 Dungeon Crawl Stone Soup version 0.25-a0-310-g60f0ac2 (webtiles) character file.

Game seed: 7752473123533099144, levelgen mode: deterministic

4709 Buxparty the Quickloader (level 10, -4/88 HPs)
             Began as a Minotaur Hunter on Dec 23, 2019.
             Was a Follower of Dithmenos.
             Shot with a sling bullet by Joseph (6 damage)
             ... on level 8 of the Dungeon.
             The game lasted 00:32:39 (5486 turns).

Buxparty the Quickloader (Minotaur Hunter)          Turns: 5486, Time: 00:32:40

Health: -4/88      AC:  4    Str: 16    XL:     10   Next: 22%
Magic:  12/12      EV: 15    Int:  8    God:    Dithmenos [*.....]
Gold:   381        SH:  0    Dex: 15    Spells: 9/9 levels left

rFire    + . .     SeeInvis .   a - +2 hand crossbow
rCold    x . .     Gourm    .   (no shield)
rNeg     . . .     Faith    .   p - +0 leather armour
rPois    .         Spirit   .   (helmet restricted)
rElec    .         Reflect  .   r - +0 cloak
rCorr    .         Harm     .   (no gloves)
MR       +....                  (no boots)
Stlth    ++++......             (no amulet)
HPRegen  0.24/turn              l - ring of protection from magic
MPRegen  0.13/turn              w - ring of fire

@: wreathed by umbra, lightly drained
A: retaliatory headbutt, horns 2
a: Renounce Religion


You were on level 8 of the Dungeon.
You worshipped Dithmenos.
Dithmenos was aware of your devotion.
You were not hungry.

You visited 2 branches of the dungeon, and saw 9 of its levels.

You collected 381 gold pieces.

Inventory:

Hand Weapons
 a - a +2 hand crossbow (weapon)
 k - a +2 short sword of draining
Missiles
 d - 6 bolts (quivered)
Armour
 o - a +0 ring mail
 p - a +0 leather armour (worn)
 r - a +0 cloak (worn)
Jewellery
 c - an uncursed ring of positive energy
 l - a ring of protection from magic (left hand)
 w - a ring of fire (right hand)
 x - an uncursed ring of magical power
Wands
 e - a wand of disintegration (7)
 t - a wand of flame (23)
Scrolls
 b - a scroll of silence {unknown}
 h - 4 scrolls of identify
 i - 2 scrolls of enchant weapon
 n - a scroll of blinking
 q - 3 scrolls of remove curse
 y - 4 scrolls of magic mapping {unknown}
Potions
 g - 3 potions of curing
 j - 3 potions of brilliance {unknown}
 m - a potion of might
Comestibles
 f - 11 rations


   Skills:
 + Level 8.0(7.7) Fighting
 * Level 7.4(7.1) Short Blades
 * Level 11.8(11.5) Crossbows
 + Level 2.7(2.5) Throwing
 - Level 0.3(0.0) Armour
 - Level 6.3(6.0) Dodging
 * Level 6.7(6.4) Stealth
 + Level 5.0(4.7) Evocations


You had 9 spell levels left.
You didn't know any spells.
Your spell library contained the following spells:

 Spells                   Type           Power        Failure   Level  Hunger
 Animate Skeleton         Necr           N/A          47%         1    ##.....
 Apportation              Tloc           #.....       47%         1    ##.....
 Confusing Touch          Hex            #.....       47%         1    ##.....
 Summon Small Mammal      Summ           #...         47%         1    ##.....
 Call Imp                 Summ           #.......     63%         2    ###....
 Poisonous Vapours        Pois/Air       #.....       63%         2    ###....
 Call Canine Familiar     Summ           #.......     85%         3    ####...
 Conjure Flame            Conj/Fire      #.......     85%         3    ####...
 Mephitic Cloud           Conj/Pois/Air  #.......     85%         3    ####...
 Summon Guardian Golem    Hex/Summ       #.......     85%         3    ####...
 Summon Ice Beast         Ice/Summ       #.......     99%         4    #####..
 Summon Lightning Spire   Summ/Air       #.......     99%         4    #####..
 Freezing Cloud           Conj/Ice/Air   #.........   100%        6    #######
 Ring of Flames           Chrm/Fire      #.........   100%        7    #######


Dungeon Overview and Level Annotations

Branches:
Dungeon (8/15)             Temple (1/1) D:7
   Lair: D:8-11

Altars:
Ashenzari
Cheibriados
Dithmenos
Elyvilon
Fedhas
Gozag
Hepliaklqana
Kikubaaqudgha
Makhleb
Nemelex Xobeh
Okawaru
Qazlal
Sif Muna
Trog
Uskayaw
Vehumet
Wu Jian
Xom
Yredelemnul
Zin
The Shining One

Annotations:
D:8 Grum, Joseph


Innate Abilities, Weirdness & Mutations

You reflexively headbutt those who attack you in melee.
You have a pair of horns on your head.


Message History

Joseph shoots a sling bullet.
The sling bullet hits you!
Firing (i - inventory)
d - 7 bolts (quivered)
Press: ? - help, Shift-Dir - straight line, f/p - Joseph
Aim: Joseph, wielding a +1 hunting sling of velocity, wearing a +0 ring mail, quivering 17 sling bullets and carrying a wand of acid (8) (severely wounded)
You shoot a bolt. The bolt barely misses Joseph.
Joseph shoots a sling bullet.
The sling bullet hits you!!
* * * LOW HITPOINT WARNING * * *
You feel sick.
Joseph shoots a sling bullet.
The sling bullet barely misses you.
Joseph shoots a sling bullet.
The sling bullet misses you.
You see here a sling bullet.
You feel sick.
You are no longer poisoned.
Joseph shoots a sling bullet.
The sling bullet hits you!
* * * LOW HITPOINT WARNING * * *
x2 You see here a sling bullet.
Joseph shoots a sling bullet.
The sling bullet barely misses you.
You see here a sling bullet.
Joseph shoots a sling bullet.
The sling bullet hits you.
You die...

..........(......###
#.........(..@...#
#................#
#................#
#............?...##
.......(...........
##.....(..).(....##
##.....##.....#.#
..#########@###..###.#
.......<.)).###.####.#
...#######÷..........#
........###†####..#
..#....#######.##....#
..... #..##.##.####
.... #...........#
#..########..###......#
.
#.........[###.......#


You could see Joseph.

Vanquished Creatures
  A hungry ghost (D:7)
  An ice beast (D:6)
  A black bear (D:3)
  2 wolves
  2 ogres
  2 centaurs (D:7)
  A big kobold (D:6)
  A gnoll sergeant (D:8)
  A bullfrog (D:8)
  3 scorpions
  3 wights (D:8)
  A howler monkey (D:6)
  A crimson imp (D:6)
  2 hounds
  A jelly (D:6)
  3 orc wizards
  An orc priest (D:7)
  A bullfrog skeleton (D:5)
  2 iguanas
  6 worker ants
  A killer bee zombie (D:7)
  8 adders
  8 gnolls
  2 dart slugs
  7 leopard geckos
  8 orcs
  4 giant cockroaches
  8 goblins
  10 hobgoblins
  14 jackals
  13 kobolds
  5 quokkas
  A ball python (D:2)
  6 bats
  6 frilled lizards
  A giant cockroach zombie (D:6)
  A jackal skeleton (D:4)
  A quokka zombie (D:5)
  7 rats
147 creatures vanquished.

Notes
Turn   | Place    | Note
-------+----------+-------------------------------------------
     0 | D:1      | Buxparty the Minotaur Hunter began the quest for the Orb.
     0 | D:1      | Reached XP level 1. HP: 18/18 MP: 0/0
    86 | D:1      | Reached XP level 2. HP: 25/25 MP: 1/1
   108 | D:1      | Reached skill level 5 in Crossbows
   244 | D:1      | Reached skill level 1 in Stealth
   571 | D:1      | Reached XP level 3. HP: 30/30 MP: 2/2
  1030 | D:2      | Reached XP level 4. HP: 37/37 MP: 3/3
  1868 | D:3      | Reached skill level 6 in Crossbows
  1935 | D:3      | Noticed a black bear
  1940 | D:3      | Killed a black bear
  1940 | D:3      | Reached XP level 5. HP: 45/45 MP: 4/4
  2435 | D:4      | Reached skill level 7 in Crossbows
  2711 | D:4      | Reached XP level 6. HP: 47/51 MP: 5/5
  2763 | D:5      | Entered Level 5 of the Dungeon
  2988 | D:5      | Reached skill level 1 in Short Blades
  3251 | D:5      | Reached skill level 8 in Crossbows
  3308 | D:5      | Reached XP level 7. HP: 36/57 MP: 6/6
  3983 | D:6      | Reached skill level 9 in Crossbows
  4188 | D:7      | Reached skill level 5 in Short Blades
  4188 | D:7      | Reached skill level 10 in Crossbows
  4188 | D:7      | Reached skill level 5 in Stealth
  4188 | D:7      | Reached XP level 8. HP: 73/73 MP: 6/10
  4189 | D:7      | Reached skill level 11 in Crossbows
  4189 | D:7      | Reached skill level 5 in Evocations
  4189 | D:7      | Reached XP level 9. HP: 81/81 MP: 6/11
  4291 | D:7      | Found a staircase to the Ecumenical Temple.
  4308 | Temple   | Entered the Ecumenical Temple
  4436 | Temple   | Became a worshipper of Dithmenos the Shadowed
  4792 | D:7      | Reached XP level 10. HP: 88/88 MP: 12/12
  5285 | D:8      | Noticed Grum
  5305 | D:7      | Reached * piety under Dithmenos
  5470 | D:8      | Noticed Joseph
  5483 | D:8      | HP: 2/88 [Joseph/sling bullet (5)]
  5486 | D:8      | Shot with a sling bullet by Joseph

Levels and vault maps discovered:
D:1:      dpeg_arrival_pond, layout_basic, minmay_misc_feat_x,
          hangedman_decor_slide_cut
D:2:      layout_basic, grunt_ministairs_8
D:3:      layout_basic
D:4:      layout_gridville, first_ration
D:5:      layout_loops_ring
D:6:      cheibrodos_thug_alley, layout_basic
D:7:      layout_cave_pods, minmay_temple_entry_gardened_gates
D:8:      layout_rooms, lemuel_crystal_altar, uniq_pikel, uniq_joseph,
          uniq_grum, uniq_erica
Temple:   kilobyte_greek_temple

Skill      XL: |  1  2  3  4  5  6  7  8  9 |
---------------+----------------------------+-----
Crossbows      | 5 6 7 8 10 11 | 11.8
Stealth        | 1 2 5 6 |  6.7
Fighting       | 3 7 8 |  8.0
Short Blades   | 1 5 7 |  7.4
Dodging        | 6 |  6.3
Evocations     | 4 5 |  5.0
Throwing       | 2 |  2.7
Armour         | |  0.3

Action                   |  1- 3 |  4- 6 |  7- 9 | 10-12 || total
-------------------------+-------+-------+-------+-------++-------
Melee: Short sword       |       |     1 |    15 |     8 ||    24
       Headbutt          |       |       |     3 |     2 ||     5
 Fire: Hand crossbow     |    71 |   116 |    86 |    83 ||   356
Evoke: Wand              |       |     2 |     1 |       ||     3
  Use: Scroll            |     3 |     6 |     4 |       ||    13
       Potion            |       |       |     9 |     1 ||    10
  Eat: Ration            |       |     2 |     2 |       ||     4
Armor: Leather armour    |     3 |       |     6 |     4 ||    13
       Ring mail         |       |     8 |       |       ||     8
Dodge: Dodged            |    13 |    31 |    24 |    21 ||    89

Table legend:
 A = Non-vault XP
 B = Vault XP
 C = Vault XP percentage of total XP
 D = Non-vault monster count
 E = Vault monster count
 F = Vault count percentage of total count
                 A         B        C        D         E       F
            +---------+---------+-------+---------+---------+-------
      Total |    2558 |     353 |  12.1 |     132 |      15 |  10.2
            +---------+---------+-------+---------+---------+-------
        D:1 |      47 |       0 |   0.0 |      26 |       0 |   0.0
        D:2 |      58 |       2 |   3.3 |      18 |       2 |  10.0
        D:3 |     167 |       0 |   0.0 |      17 |       0 |   0.0
        D:4 |     142 |       0 |   0.0 |      12 |       0 |   0.0
        D:5 |     406 |       0 |   0.0 |      15 |       0 |   0.0
        D:6 |     392 |     116 |  22.8 |      12 |      11 |  47.8
        D:7 |     847 |     119 |  12.3 |      17 |       1 |   5.6
        D:8 |     499 |     116 |  18.9 |      15 |       1 |   6.2
            +---------+---------+-------+---------+---------+-------
